AoeStats
← Dragon

Fortress

509536524Analyzed
4v4 RM · 4d ago on Sep 27, 2026· 46m 9s· 8 players
Game mode
Random Map
Map size
Huge
Population
200
Speed
Normal
Resources
Standard
Victory
Conquest
Starting age
Dark Age
Ending age
Imperial Age
RankedLock teamsTeams togetherTeam positionsShared explorationLock speedFull tech treeHidden civsTurbo modeCheats
Victory
Defeat
🇩🇪 Slavs · Germany
1327
+14
🇩🇪 Turks · Germany
1321
+14
🇦🇺 Britons · Australia
1301
+15
🇮🇳 Georgians · India
1263
+16
🇨🇳 Burmese · China
1330
-17
🇦🇿 Persians · Azerbaijan
1286
-15
🇨🇳 Saracens · China
1283
-15
1197
-12
Mr.Guo
7:08 Feudal Age
11:04 Castle Age
9:23 Double-Bit Axe
10:23 Horse Collar
15:59 Wheelbarrow
16:34 Bow Saw
16:39 Heavy Plow
21:51 Husbandry
22:01 Bloodlines
22:29 Loom
25:58 Imperial Age
24:00 Forging
23:55 Scale Barding Armor
24:16 Gold Mining
25:54 Gold Shaft Mining
25:38 Scale Barding Armor
25:42 Cavalier
26:48 Conscription
28:08 Iron Casting
27:59 Hand Cart
30:22 Two-Man Saw
29:01 Savar
30:12 Chain Barding Armor
31:49 Crop Rotation
31:57 Plate Barding Armor
33:05 Light Cavalry
35:41 Ballistics
35:30 Hussar
37:15 Blast Furnace
dy小妖
9:49 Feudal Age
10:48 Double-Bit Axe
10:45 Horse Collar
13:35 Castle Age
15:11 Bow Saw
15:03 Heavy Plow
14:57 Loom
15:45 Town Watch
15:51 Town Watch
17:27 Wheelbarrow
18:06 Gold Mining
18:34 Hand Cart
18:07 Man-at-Arms
19:50 Gold Shaft Mining
22:29 Stone Mining
25:51 Imperial Age
23:31 Fletching
23:24 Crossbowman
24:18 Bodkin Arrow
24:26 Padded Archer Armor
25:16 Ballistics
25:05 Thumb Ring
25:54 Arbalester
26:36 Bracer
27:40 Chemistry
27:55 Leather Archer Armor
28:02 Conscription
28:23 Siege Engineers
30:13 Ring Archer Armor
32:16 Scale Barding Armor
33:30 Chain Barding Armor
35:18 Forging
36:30 Husbandry
38:58 Plate Barding Armor
38:54 Bloodlines
40:03 Light Cavalry
41:20 Iron Casting
42:44 Hussar
44:36 Blast Furnace
见不久好
6:58 Feudal Age
13:18 Castle Age
13:37 Fletching
14:31 Husbandry
18:15 Fletching
18:13 Loom
22:44 Bloodlines
33:01 Imperial Age
31:09 Wheelbarrow
31:02 Scale Barding Armor
32:38 Gold Mining
33:57 Gold Shaft Mining
33:33 Padded Archer Armor
34:36 Conscription
35:46 Hand Cart
35:09 Elite Arambai
44:07 Pikeman
44:47 Squires
44:33 Arson
45:00 Forging
44:50 Scale Mail Armor
活在故事里的骑士
7:34 Feudal Age
11:36 Castle Age
11:07 Loom
13:18 Double-Bit Axe
13:50 Horse Collar
26:08 Imperial Age
25:28 Wheelbarrow
24:38 Town Watch
26:24 Elite Varangian Guard
27:05 Squires
26:50 Gambesons
32:17 Gold Mining
37:00 Forging
36:51 Scale Mail Armor
38:50 Chain Mail Armor
39:11 Iron Casting
40:36 Plate Mail Armor
41:06 Blast Furnace
Who am I
7:54 Feudal Age
11:31 Castle Age
9:27 Double-Bit Axe
9:33 Horse Collar
11:09 Wheelbarrow
14:13 Bow Saw
15:22 Hand Cart
17:56 Loom
20:41 Heavy Plow
21:42 Scale Barding Armor
23:36 Chain Barding Armor
23:38 Bloodlines
23:29 Husbandry
23:40 Detinets
29:01 Imperial Age
26:50 Forging
26:31 Gold Mining
26:34 Stone Mining
27:50 Pikeman
28:31 Squires
27:52 Man-at-Arms
30:19 Conscription
31:29 Plate Barding Armor
31:30 Iron Casting
31:09 Heavy Scorpion
33:57 Iron Casting
33:14 Fletching
34:03 Gold Shaft Mining
33:09 Elite Boyar
36:22 Ballistics
36:24 Fortified Wall
45:39 Two-Man Saw
44:47 Siege Engineers
45:27 Light Cavalry
47:18 Blast Furnace
46:14 Bodkin Arrow
45:57 Halberdier
46:38 Scale Mail Armor
Dragon
7:42 Feudal Age
9:36 Double-Bit Axe
12:18 Castle Age
10:13 Horse Collar
12:30 Gold Mining
14:57 Loom
18:16 Imperial Age
22:11 Padded Archer Armor
26:00 Conscription
45:37 Fletching
46:03 Leather Archer Armor
Shotel California
8:26 Feudal Age
9:27 Loom
12:20 Castle Age
10:34 Double-Bit Axe
10:42 Horse Collar
11:50 Gold Mining
13:48 Wheelbarrow
13:01 Town Watch
13:30 Bow Saw
24:01 Imperial Age
21:34 Stone Mining
21:52 Fletching
22:31 Bodkin Arrow
23:57 Heavy Plow
26:23 Ballistics
26:27 Bracer
26:44 Padded Archer Armor
27:06 Conscription
28:14 Leather Archer Armor
28:04 Warwolf
28:49 Guard Tower
29:32 Ring Archer Armor
29:24 Arrowslits
30:18 Murder Holes
32:07 Chemistry
33:09 Keep
33:56 Elite Longbowman
35:28 Masonry
35:43 Hand Cart
36:07 Forging
35:57 Scale Mail Armor
36:16 Pikeman
37:32 Iron Casting
36:55 Halberdier
39:10 Chain Mail Armor
39:55 Blast Furnace
38:57 Town Patrol
40:48 Architecture
41:51 Arson
42:07 Squires
44:00 Plate Mail Armor
46:22 Siege Engineers
AztecKiller2427
8:40 Feudal Age
9:29 Horse Collar
9:46 Double-Bit Axe
12:37 Castle Age
11:55 Fletching
13:33 Loom
14:23 Heavy Plow
14:54 Bow Saw
15:13 Padded Archer Armor
16:33 Bodkin Arrow
20:51 Wheelbarrow
22:35 Hand Cart
26:27 Imperial Age
25:04 Scale Barding Armor
25:09 Forging
25:41 Bloodlines
25:31 Husbandry
26:53 Chain Barding Armor
28:09 Iron Casting
28:13 Plate Barding Armor
27:49 Gold Mining
27:42 Capped Ram
30:05 Chemistry
28:38 Cavalier
31:00 Iron Casting
30:25 Bracer
31:03 Conscription
31:44 Ballistics
31:35 Masonry
33:28 Blast Furnace
32:14 Siege Ram
36:57 Crop Rotation
41:01 Caravan
45:36 Elite Monaspa
Connection lost

Rejoining the realm…

Still unreachable

The connection could not be restored.

Session expired

The server has moved on; the page needs a fresh start.